AoeStats
← ITA | Raffy

Black Forest

504338196Analyzed
4v4 RM · 27d ago on Sep 4, 2026· 44m 13s· 8 players
Game mode
Random Map
Map size
Large (8 player)
Population
200
Speed
Normal
Resources
Standard
Victory
Conquest
Starting age
Dark Age
Ending age
Imperial Age
RankedLock teamsTeams togetherTeam positionsShared explorationLock speedFull tech treeHidden civsTurbo modeCheats
Victory
Defeat
🇮🇹 Teutons · Italy
1309
+11
🇺🇸 Romans · United States
1235
+14
🇺🇸 Sicilians · United States
1223
+14
🇫🇷 Persians · France
1142
+18
🇨🇱 Persians · Chile
1216
-15
🇨🇴 Bohemians · Colombia
1199
-15
🇨🇱 Saracens · Chile
1189
-14
🇧🇷 Chinese · Brazil
1158
-13
Ansscar
2:54 Loom
11:54 Feudal Age
16:19 Castle Age
14:20 Horse Collar
15:28 Double-Bit Axe
18:43 Bow Saw
22:06 Wheelbarrow
21:57 Fervor
24:46 Heavy Plow
26:20 Hand Cart
29:01 Caravan
33:24 Imperial Age
32:09 Chemistry
33:04 Town Watch
33:45 Ballistics
33:24 Pikeman
34:05 Squires
34:09 Scale Mail Armor
34:20 Forging
35:37 Two-Man Saw
34:12 Houfnice
34:59 Halberdier
36:28 Chain Mail Armor
38:33 Plate Mail Armor
38:38 Iron Casting
38:02 Arson
40:19 Bombard Tower
40:36 Conscription
40:49 Town Patrol
40:24 Man-at-Arms
42:57 Blast Furnace
43:45 Wagenburg Tactics
MoTa
0:26 Loom
10:36 Feudal Age
11:37 Double-Bit Axe
20:48 Castle Age
19:05 Gold Mining
19:09 Fletching
20:30 Padded Archer Armor
20:30 Horse Collar
22:00 Thumb Ring
22:17 Bodkin Arrow
23:17 Crossbowman
29:01 Wheelbarrow
29:04 Heavy Plow
31:20 Hand Cart
35:47 Imperial Age
34:19 Pikeman
35:00 Squires
36:23 Ballistics
38:23 Chemistry
alvex
8:50 Loom
11:21 Feudal Age
19:16 Wheelbarrow
22:30 Castle Age
20:22 Gold Mining
20:26 Stone Mining
20:16 Horse Collar
21:06 Double-Bit Axe
21:30 Scale Barding Armor
22:39 Forging
23:53 Heavy Plow
24:04 Bow Saw
24:08 Bloodlines
28:33 Hand Cart
34:24 Imperial Age
32:49 Chain Barding Armor
33:05 Iron Casting
35:51 Plate Barding Armor
36:16 Blast Furnace
34:39 Heavy Camel Rider
34:40 Cavalier
35:21 Husbandry
36:55 Savar
38:55 Conscription
40:32 Gold Shaft Mining
40:33 Stone Shaft Mining
Lord Housedrick
0:30 Loom
11:54 Feudal Age
12:24 Double-Bit Axe
13:14 Horse Collar
19:17 Fletching
23:45 Castle Age
23:44 Gold Mining
24:50 Crossbowman
25:37 Thumb Ring
25:53 Bodkin Arrow
26:21 Padded Archer Armor
26:52 Bow Saw
28:43 Wheelbarrow
33:36 Heavy Plow
34:24 Stone Mining
37:40 Hand Cart
41:31 Imperial Age
38:47 Town Watch
41:06 Ballistics
40:57 Masonry
41:13 Ballistics
killerdonkeywithacapitalk
2:21 Loom
13:12 Feudal Age
13:12 Man-at-Arms
23:41 Scale Mail Armor
23:51 Forging
33:17 Castle Age
31:57 Double-Bit Axe
31:55 Horse Collar
32:07 Gold Mining
32:08 Stone Mining
35:31 Gold Shaft Mining
36:32 Ballistics
39:17 Imperial Age
38:13 Bow Saw
39:54 Heavy Scorpion
43:17 Siege Engineers
44:03 Ballistas
Polestar
0:58 Loom
13:37 Feudal Age
19:17 Castle Age
19:24 Fletching
21:49 Double-Bit Axe
21:45 Horse Collar
31:40 Bodkin Arrow
33:22 Bow Saw
33:13 Heavy Plow
34:22 Wheelbarrow
33:42 Gold Mining
34:38 Stone Mining
36:08 First Crusade
36:34 Forging
36:25 Scale Mail Armor
36:29 Squires
36:14 Arson
37:28 Hand Cart
38:47 Iron Casting
38:27 Chain Mail Armor
41:38 Imperial Age
40:25 Gold Shaft Mining
40:26 Stone Shaft Mining
41:45 Elite Serjeant
Oden
10:26 Feudal Age
15:28 Castle Age
14:12 Horse Collar
14:44 Double-Bit Axe
24:32 Wheelbarrow
26:16 Heavy Plow
27:01 Hand Cart
29:37 Imperial Age
27:21 Scale Barding Armor
27:27 Forging
27:19 Gold Mining
28:42 Chain Barding Armor
29:00 Gold Shaft Mining
28:31 Town Watch
29:01 Bloodlines
28:51 Husbandry
28:13 Light Cavalry
29:19 Town Patrol
29:39 Bow Saw
30:56 Chemistry
29:18 Cavalier
29:59 Loom
30:52 Plate Barding Armor
30:53 Iron Casting
31:20 Savar
31:34 Hussar
34:07 Blast Furnace
ITA | Raffy
1:14 Loom
10:28 Feudal Age
11:37 Double-Bit Axe
12:30 Horse Collar
17:42 Forging
18:43 Wheelbarrow
21:38 Castle Age
21:08 Bloodlines
21:20 Scale Barding Armor
22:57 Bow Saw
23:27 Heavy Plow
24:07 Chain Barding Armor
31:32 Hand Cart
34:18 Imperial Age
32:22 Gold Mining
32:23 Stone Mining
34:12 Iron Casting
34:23 Cavalier
35:42 Plate Barding Armor
36:08 Blast Furnace
35:32 Conscription
36:04 Stone Shaft Mining
37:26 Two-Man Saw
36:19 Paladin
43:22 Caravan
Connection lost

Rejoining the realm…

Still unreachable

The connection could not be restored.

Session expired

The server has moved on; the page needs a fresh start.